 Dungeon Crawl Stone Soup version 0.31-a0-1206-g41278d8d1d (webtiles) character file.

Game seed: 15079696014739451359

497 LeprechaunX the Changeling (level 7, -2/46 HPs)
             Began as an Octopode Shapeshifter on Dec 13, 2023.
             Slain by Grinder (9 damage)
             ... on level 3 of the Dungeon.
             The game lasted 00:02:56 (2337 turns).

LeprechaunX the Changeling (Octopode Shapeshifter)  Turns: 2337, Time: 00:02:57

Health: -2/46      AC:  1    Str: 19    XL:     7   Next: 16%
Magic:  7/7        EV: 13    Int: 18    God:
Gold:   120        SH:  0    Dex: 14    Spells: 6/6 levels left

rFire   . .          .
                       - Unarmed
rCold   . . .        (no shield)
rNeg    . . .        (helmet currently unavailable)
rPois   .            u - amulet of the acrobat
rElec   .            m - +6 ring of strength
rCorr   .            s - +6 ring of intelligence
SInv    .            (no ring)
Will    .....        (no ring)
Stlth   ++           (no ring)
HPRegen 0.27/turn    (no ring)
MPRegen 0.10/turn    (no ring)
                     (no ring)

%: acrobat
@: beast-form
A: beast (slay +3), almost no armour, amphibious, 8 rings, camouflage 1,
gelatinous body 1, (nimble swimmer 1), tentacles
a: Begin Untransformation


You were on level 3 of the Dungeon.
You were a hulking beast.
You visited 1 branch of the dungeon, and saw 3 of its levels.

You collected 120 gold pieces.

Inventory:

Jewellery
 m - a +6 ring of strength (left tentacle)
 s - a +6 ring of intelligence (right tentacle)
 u - an amulet of the acrobat (around mantle)
Talismans
 b - a beast talisman
 c - a flux talisman
 f - a serpent talisman
 t - a maw talisman
Wands
 q - a wand of polymorph (4)
Scrolls
 e - a scroll of fear {unknown}
 g - 2 scrolls of summoning {unknown}
 h - 2 scrolls of enchant armour {unknown}
 i - 2 scrolls of enchant weapon {unknown}
 j - a scroll of noise {unknown}
 o - 4 scrolls of teleportation {unknown}
 p - a scroll of brand weapon {unknown}
Potions
 a - a potion of lignification
 d - 3 potions of mutation {unknown}
 k - a potion of might {unknown}
 l - a potion of attraction {unknown}
 n - a potion of magic {unknown}
 r - a potion of berserk rage {unknown}
 v - a potion of heal wounds {unknown}
 w - a potion of degeneration {unknown}


   Skills:
 + Level 3.5 Fighting
 - Level 2.0 Dodging
 + Level 4.5 Unarmed Combat
 + Level 1.3 Evocations
 * Level 5.5 Shapeshifting


You had 6 spell levels left.
You didn't know any spells.
Your spell library contained the following spells:

 Spells                   Type           Power      Damage    Failure   Level
 Lesser Beckoning         Tloc           0%         N/A       32%         2
 Gell's Gravitas          Tloc           0%         N/A       54%         3
 Teleport Other           Tloc           0%         N/A       54%         3


Dungeon Overview and Level Annotations

Branches:
Dungeon (3/15)

Altars:
Zin

Annotations:
D:3 Grinder


Innate Abilities, Weirdness & Mutations

You are a hulking beast.
Your limbs bulge with bestial killing power. (Slay +3)
You cannot wear most types of armour.
You are amphibious.
You can wear up to eight rings at the same time.
Your skin changes colour to match your surroundings (Stealth+).
Your rubbery body absorbs attacks. (AC +1, EV +1)
((You are camouflaged when in or above water. (Stealth+)))
You have tentacles for arms and can constrict up to eight enemies at once.


Message History

Grinder is nearby!
Grinder is nearby!
Grinder is nearby!
You close the door.
You start putting on your amulet.
You continue putting on your amulet of the acrobat. x5
You finish putting on your amulet of the acrobat.
You feel ready to tumble and roll out of harm's way.
u - an amulet of the acrobat (around mantle)
You tentacle-slap Grinder. You grab Grinder. You squeeze Grinder.
Grinder is lightly wounded.
You constrict Grinder. Grinder hits you.
You writhe in agony.
You bludgeon Grinder! You squeeze Grinder!
Grinder is severely wounded.
You constrict Grinder. Grinder gestures at you.
You suddenly lose the ability to move!
You lose your grip on Grinder.
Grinder barely misses you. Grinder hits you! Grinder gestures at you.
You shrug off the repeated paralysis!
Grinder hits you!
You writhe in agony.
Grinder hits you!
* * * LOW HITPOINT WARNING * * *
You writhe in agony.
* * * LOW HITPOINT WARNING * * *
You can move again.
Unknown command.
You completely miss Grinder. You grab Grinder.
Grinder is severely wounded.
You constrict Grinder.
Grinder says, "Tell me all your secrets, or I'll kill you."
Grinder gestures at you. You resist with significant effort.
You bludgeon Grinder!
Grinder is almost dead.
You constrict Grinder, but do no damage.
Grinder hits you!
You die...
Grinder says, "Hey, I wasn't done torturing you yet!"

.# #. ####.##.####
5. .. ##.##....####
#. .# ##.....####...
#. .###.....#####...
#. .##...<......†.†)
#.#.##.....######...
#...##.....# #...
#5###....## #...
#.h......# #...
########## #... #...
####


You could see Grinder.

Vanquished Creatures
  Sigmund (D:2)
  A phantom (D:3)
  Jessica (D:2)
  Natasha (thrice) (D:2)
  Terence (D:3)
  4 gnolls
  4 adders
  2 worms
  3 dart slugs
  An orc (D:3)
  8 bats
  4 endoplasms
  2 giant cockroaches
  4 goblins
  2 hobgoblins
  2 jackals (D:3)
  5 quokkas
  4 ball pythons
  A frilled lizard (D:2)
  5 kobolds
  5 rats
63 creatures vanquished.

Notes
Turn   | Place    | Note
-------+----------+-------------------------------------------
     0 | D:1      | LeprechaunX the Octopode Shapeshifter began the quest for
                  | the Orb.
     0 | D:1      | Reached XP level 1. HP: 13/13 MP: 1/1
   227 | D:1      | Reached XP level 2. HP: 16/18 MP: 2/2
   665 | D:1      | Reached XP level 3. HP: 15/23 MP: 3/3
   741 | D:2      | Noticed Jessica
   806 | D:2      | Killed Jessica
   864 | D:2      | Reached XP level 4. HP: 29/29 MP: 4/4
  1074 | D:2      | Reached skill level 4 in Shapeshifting
  1146 | D:2      | Noticed Natasha
  1159 | D:2      | Killed Natasha
  1289 | D:2      | Noticed Sigmund
  1294 | D:2      | Killed Sigmund
  1295 | D:2      | Reached XP level 5. HP: 23/36 MP: 5/5
  1295 | D:2      | Reached XP level 6. HP: 27/42 MP: 6/6
  1384 | D:2      | Reached skill level 5 in Shapeshifting
  1456 | D:2      | Noticed Natasha
  1460 | D:2      | Killed Natasha
  1535 | D:2      | Found a faded altar of an unknown god.
  1560 | D:2      | Noticed Natasha
  1569 | D:2      | Killed Natasha
  1846 | D:3      | Noticed Terence
  1855 | D:3      | Killed Terence
  2083 | D:3      | Found a glowing silver altar of Zin.
  2093 | D:3      | Reached skill level 1 in Evocations
  2093 | D:3      | Reached XP level 7. HP: 39/46 MP: 7/7
  2321 | D:3      | Noticed Grinder
  2330 | D:3      | Paralysed by Grinder for 5 turns
  2337 | D:3      | Slain by Grinder

Illustrated notes

Levels and vault maps discovered:
D:1:      lightli_arrival_boilingwater, layout_basic,
          nicolae_figureground_sparkle
D:2:      layout_rooms, serial_forest, infiniplex_forest_straight_3,
          infiniplex_forest_corner_2, infiniplex_forest_straight_2,
          infiniplex_forest_3_way, infiniplex_forest_end_double,
          infiniplex_forest_diagonal, infiniplex_forest_end_3,
          dreamdust_ecumenical_altar_hidden_monk_grotto, minmay_quantized,
          uniq_sigmund, uniq_natasha, uniq_jessica
D:3:      layout_rooms, nicolae_tso_swordbearing_angel,
          overflow_temple_1_default, minmay_door_square, grunt_ministairs_6,
          st_stairs_10, uniq_terence, uniq_grinder

Skill      XL: |  1  2  3  4  5  6 |
---------------+-------------------+-----
Fighting       | 3 |  3.5
Shapeshifting  | 4 5 |  5.5
Unarmed Combat | 4 |  4.5
Evocations     | 1 |  1.3
Dodging        | |  2.0

Action                     |  1- 3 |  4- 6 |  7- 9 || total
---------------------------+-------+-------+-------++-------
  Melee: Unarmed           |    32 |    88 |     8 ||   128
         Constrict         |     8 |    23 |     3 ||    34
         Tentacles         |     3 |    19 |     3 ||    25
         Punch             |       |     6 |       ||     6
   Stab: Sleeping          |     5 |     7 |       ||    12
 Armour: Skin              |    11 |    37 |     7 ||    55
  Dodge: Dodged            |    17 |    44 |     4 ||    65

Table legend: (Time is in decaauts)
 A = Elapsed time spent in this place.
 B = Non-inter-level travel time spent in this place.
 C = Inter-level travel time spent in this place.
 D = Time resting spent in this place.
 E = Time spent auto-exploring this place.
 F = Levels seen in this place.
 G = Mean time per level.
                   A        B        C        D        E       F      G
               +--------+--------+--------+--------+--------+-----+--------+
         Total |   2333 |   2200 |    133 |    165 |   1634 |   3 |  777.7 |
       Dungeon |   2333 |   2200 |    133 |    165 |   1634 |   3 |  777.7 |
               +--------+--------+--------+--------+--------+-----+--------+

Top non-repeatable levels by time:
     D:2: 1002 daAuts
     D:1: 799 daAuts
     D:3: 530 daAuts
